 Dungeon Crawl Stone Soup version 0.20.1-1-g8b1a95d (webtiles) character file.

44 Inarius the Grave Robber (level 3, -1/29 HPs)
             Began as a Hill Orc Necromancer on July 3, 2017.
             Slain by a gnoll
             ... wielding a +2 flail of holy wrath
              (10 damage)
             ... on level 2 of the Dungeon.
             The game lasted 00:05:29 (1265 turns).

Inarius the Grave Robber (Hill Orc Necromancer)     Turns: 1265, Time: 00:05:30

Health: -1/29      AC:  5    Str: 10    XL:     3   Next: 60%
Magic:  0/6        EV: 12    Int: 16    God:
Gold:   34         SH:  0    Dex: 14    Spells: 1/6 levels left

rFire    . . .     SeeInvis .   k - +0 dagger
rCold    . . .     Gourm    .   (no shield)
rNeg     . . .     Faith    .   l - +1 leather armour {rPois}
rPois    +         Spirit   .   f - +0 hat
rElec    .         Reflect  .   (no cloak)
rCorr    .         Harm     .   r - +0 pair of gloves
MR       .....                  (no boots)
Stlth    ++........             n - amulet of magic regeneration
Regen    0.1/turn               q - +3 ring of dexterity
MPRegen  0.2/turn               (no ring)

@: very slightly contaminated
A: no striking features
a: no special abilities


You were on level 2 of the Dungeon.
You were not hungry.

You visited 1 branch of the dungeon, and saw 2 of its levels.

You collected 34 gold pieces.

Inventory:

Hand Weapons
 k - a +0 dagger (weapon)
Armour
 a - a +0 robe
 f - a +0 hat (worn)
 l - a +1 leather armour of poison resistance (worn)
 r - a +0 pair of gloves (worn)
Jewellery
 i - an uncursed amulet of the gourmand
 n - an amulet of magic regeneration (around neck)
 q - a +3 ring of dexterity (left hand)
Scrolls
 j - a scroll of blinking {unknown}
 m - a scroll of random uselessness {unknown}
Potions
 e - a potion of curing {unknown}
 p - a potion of magic {unknown}
 s - a potion of flight {unknown}
Books
 b - a book of Necromancy

   Spells                             Type                      Level
   a - Pain                           Necromancy                   1
   b - Animate Skeleton               Necromancy                   1
   c - Vampiric Draining              Necromancy                   3
   d - Regeneration                   Charms/Necromancy            3
   e - Animate Dead                   Necromancy                   4
   f - Control Undead                 Necromancy                   4
Comestibles
 c - a bread ration
 d - 3 meat rations
 g - a royal jelly
 h - 3 fruits


   Skills:
 * Level 1.7 Fighting
 * Level 0.9 Armour
 + Level 1.7 Dodging
 - Level 1.6 Stealth
 + Level 2.1 Spellcasting
 + Level 4.2 Necromancy


You had one spell level left.
You knew the following spells:

 Your Spells              Type           Power        Failure   Level  Hunger
a - Pain                  Necr           ###.         4%          1    #......
b - Animate Skeleton      Necr           N/A          4%          1    #......
c - Regeneration          Chrm/Necr      #.........   34%         3    ###....


Dungeon Overview and Level Annotations

Branches:
Dungeon (2/15)

Altars:


Message History

You see here a throwing net.
Casting: Pain
Confirm with . or Enter, or press ? or * to list all spells.
Aiming: Pain
Press: ? - help, Shift-Dir - straight line, f/p - gnoll
Aim: a gnoll, wielding a club (almost dead, chance to defeat MR: 80%)
You miscast Pain.
Nothing appears to happen.
You struggle against the net.
The gnoll hits you but does no damage.
You struggle against the net.
The gnoll hits you with a club.
You struggle against the net.
The gnoll completely misses you. The gnoll hits you with a club.
You rip the net and break free!
The gnoll barely misses you.
Casting: Pain
Confirm with . or Enter, or press ? or * to list all spells.
Aiming: Pain
Press: ? - help, Shift-Dir - straight line, f/p - gnoll
Aim: a gnoll, wielding a club (almost dead, chance to defeat MR: 80%)
The gnoll writhes in agony!
The gnoll hits you with a club.
The gnoll hits you with a flail of holy wrath!
You die...

..## #.#.. .# ...#
#.#.###.### ...###.#.#.....
....#.......#.#####
....#.#...........
###...#.#.#<#....#.# #
#.<...#.#.#...##.#.##.#
#.....#.#.....#.......#
#.g.###.....@.........##
#####...########gg#........#
#............g....#.....#.#
#........####.#.#.###......#
#........# #.#.#... ...#.##
#........# #.#.###.#...# #
......<..# #.#.# .......
#........# #.#.# .......
.........# #.#.# ###.#.##


You could see 2 gnolls.

Vanquished Creatures
  2 gnolls (D:1)
  A dart slug (D:1)
  5 bats
  A goblin (D:1)
  2 hobgoblins (D:1)
  3 jackals (D:1)
  2 kobolds (D:1)
  3 rats (D:1)
19 creatures vanquished.

Vanquished Creatures (collateral kills)
  A goblin (D:1)
  A hobgoblin (D:1)
  A frilled lizard (D:1)
  A rat (D:1)
4 creatures vanquished.

Grand Total: 23 creatures vanquished

Notes
Turn   | Place    | Note
-------+----------+-------------------------------------------
     0 | D:1      | Inarius the Hill Orc Necromancer began the quest for the Orb.
     0 | D:1      | Reached XP level 1. HP: 14/14 MP: 3/3
    34 | D:1      | Learned a level 1 spell: Animate Skeleton
   185 | D:1      | Reached XP level 2. HP: 19/22 MP: 0/4
   552 | D:1      | Reached skill level 1 in Fighting
   744 | D:1      | Reached XP level 3. HP: 18/28 MP: 3/5
   749 | D:1      | Learned a level 3 spell: Regeneration
  1265 | D:2      | Slain by a gnoll

Skill      XL: |  1  2  3 |
---------------+----------+-----
Fighting       | 1 |  1.7
Spellcasting   | 2 |  2.1
Armour         | |  0.9
Dodging        | |  1.7
Stealth        | |  1.6
Necromancy     | |  4.2

Action                   || total
-------------------------++-------
Melee: Unarmed           ||    17
       Dagger            ||    22
 Cast: Pain              ||    35
       Animate Skeleton  ||    13
       Regeneration      ||     1
  Eat: Chunk             ||     8
Armor: Leather armour    ||    15
       Robe              ||     5
Dodge: Dodged            ||    46
